 Dungeon Sprint DCSS version 0.27.1-1-g398f81649c (webtiles) character file.

Game seed: 95538199678910925

74 boopmooplesden the Covered (level 4, -7/44 HPs)
             Began as a Minotaur Fighter on Sept 15, 2021.
             Drowned by a water elemental (11 damage)
             ... in the Dungeon (Sprint III: "The Ten Rune Challenge").
             The game lasted 00:00:50 (569 turns).

boopmooplesden the Covered (Minotaur Fighter)        Turns: 569, Time: 00:00:50

Health: -7/44      AC:  7    Str: 21    XL:     4   Next: 10%
Magic:  3/3        EV:  8    Int:  5    God:
Gold:   21         SH: 10    Dex: 10    Spells: 3/3 levels left

rFire    . . .     SeeInvis .   a - +0 war axe
rCold    . . .     Faith    .   c - +0 kite shield
rNeg     . . .     Spirit   .   b - +0 scale mail
rPois    .         Reflect  .   (helmet restricted)
rElec    .         Harm     .   (no cloak)
rCorr    .         Rampage  .   (no gloves)
Will     .....     NoTele   +   (no boots)
Stlth    ..........             (no amulet)
HPRegen  0.14/turn              (no ring)
MPRegen  0.08/turn              (no ring)

@: mighty, engulfed (cannot breathe)
A: horns 2, retaliatory headbutt
a: no special abilities


You were in the Dungeon.
You visited 1 branch You collected 21 gold pieces.

Inventory:

Hand Weapons
 a - a +0 war axe (weapon)
Armour
 b - a +0 scale mail (worn)
 c - a +0 kite shield (worn)
 l - a +0 cloak
Scrolls
 j - a scroll of blinking
 o - 2 scrolls of identify
Potions
 e - a potion of curing
 f - a potion of heal wounds
 g - a potion of haste
 h - 2 potions of magic
 i - a potion of berserk rage
 m - 4 potions of mutation
 p - 3 potions of flight


   Skills:
 + Level 6.1 Fighting
 + Level 4.3 Axes
 + Level 6.6 Armour
 + Level 6.1 Shields


You had 3 spell levels left.
You didn't know any spells.
Your spell library was empty.

Dungeon Overview and Level Annotations

Branches:
Dungeon (1/1)

Altars:


Innate Abilities, Weirdness & Mutations

You have a pair of horns on your head.
You reflexively headbutt those who attack you in melee.


Message History

m - 3 purple potions (gained 1);
q - a scroll labelled FIYHAT VUOBBU
o - 3 scrolls of identify (gained 1);
m - 4 purple potions (gained 1)
p - 3 potions of flight (gained 2)
You now have 21 gold pieces (gained 10).
There is an open door here.
As you read the scroll of identify, it crumbles to dust.
m - 4 potions of mutation
As you read the scroll labelled FIYHAT VUOBBU, it crumbles to dust.
The air around you briefly surges with heat, but it dissipates.
It was a scroll of immolation.
As you read the scroll labelled AGGAHY EMYCA, it crumbles to dust.
You speak a Word of immense power!
It was a scroll of holy word.
As you read the scroll labelled GYNASI GONNULL, it crumbles to dust.
Your body is wracked with pain!
It was a scroll of torment.
You start resting.
HP restored.
You enter the shallow water.
Moving in this stuff is going to be slow.
As you open the door, it creaks loudly!
A water elemental comes into view.
The water elemental hits you.
The water elemental engulfs you in water!
There is an open door to the Ecumenical Temple here.
You hit the water elemental. You headbutt the water elemental.
The water elemental is lightly damaged.
Your lungs strain for air!
The water elemental closely misses you. The water elemental hits you!
You closely miss the water elemental.
The water elemental is lightly damaged.
Your lungs strain for air!
The water elemental hits you.
You feel very mighty all of a sudden.
* * * LOW HITPOINT WARNING * * *
Your lungs strain for air!
The water elemental hits you!
* * * LOW HITPOINT WARNING * * *
You closely miss the water elemental.
Your headbutt misses the water elemental.
The water elemental is lightly damaged.
You die...

▓▓▓▓▓▓▓▓▓▓▓ ▓▓▓
.#..'...♣.♣♣ ♣.#
.#..#......♣ ♣.#
'####.....♣♣ ♣.#
.†..#....≈.♣♣♣♣.###+#+##
....#)..≈≈....♣.#.......
...(#..≈≈≈≈.♣♣♣.@.⌠.....
###'#..≈≈≈≈≈≈♣..#E..####
..).#.≈≈≈≈≈≈....#.⌠.#
....#.≈≈≈≈≈.....#...#
....#.≈≈≈.......#+###
#####...........#
...÷............#
▓▓▓▓▓▓▓▓▓▓▓▓▓▓▓▓▓


You could see a water elemental.

Vanquished Creatures
  Crazy Yiuf (D)
  Jessica (D)
  A human (D)
  An endoplasm (D)
  A rat (D)
5 creatures vanquished.

Notes
Turn   | Place    | Note
-------+----------+-------------------------------------------
     0 | D        | boopmooplesden the Minotaur Fighter began the quest for the
                  | Orb.
     0 | D        | Reached XP level 1. HP: 19/19 MP: 0/0
    10 | D        | Noticed Jessica
    12 | D        | Killed Jessica
    13 | D        | Reached skill level 5 in Fighting
    13 | D        | Reached skill level 5 in Armour
    13 | D        | Reached skill level 5 in Shields
    13 | D        | Reached XP level 2. HP: 29/29 MP: 1/1
    49 | D        | Reached XP level 3. HP: 5/37 MP: 2/2
   376 | D        | Noticed Crazy Yiuf
   383 | D        | Killed Crazy Yiuf
   384 | D        | Reached XP level 4. HP: 44/44 MP: 3/3
   565 | D        | Noticed a water elemental
   569 | D        | Drowned by a water elemental

Illustrated notes

Levels and vault maps discovered:
D:        dungeon_sprint_mu [sprint_mu_entry_forest, sprint_mu_temple_rooms,
          sprint_mu_d1_horrors, sprint_mu_d2_genie, sprint_mu_d3_branching,
          sprint_mu_orc_legion, sprint_mu_elf_gauntlet, sprint_mu_hive_nellie,
          sprint_mu_lair_fedhas, sprint_mu_vaults_butterflies,
          sprint_mu_slime_circle, sprint_mu_shoals_kraken,
          sprint_mu_snake_twists, sprint_mu_blade_basic, sprint_mu_crypt_lich,
          sprint_mu_tomb_spiral, sprint_mu_vestibule_basic,
          sprint_mu_gehenna_hellfire, sprint_mu_dis_giant,
          sprint_mu_tartarus_statrot, sprint_mu_cocytus_islands, sprint_mu_zot1]

Skill      XL: |  1  2  3 |
---------------+----------+-----
Fighting       | 5 6 |  6.1
Armour         | 5 6 |  6.6
Shields        | 5 6 |  6.1
Axes           | 3 4 |  4.3

Action                   |  1- 3 |  4- 6 || total
-------------------------+-------+-------++-------
Melee: War axe           |    16 |     3 ||    19
       Headbutt          |     2 |     1 ||     3
  Use: Scroll            |       |     4 ||     4
       Potion            |       |     1 ||     1
Armor: Scale mail        |     4 |     2 ||     6
Dodge: Dodged            |     5 |     1 ||     6
Block: Kite shield       |     9 |       ||     9
